 Dungeon Crawl Stone Soup version 0.28.0-45-g0d030f2227 (webtiles) character file.

Game seed: 11314583785044067808

185 MisterFreud the Changer (level 5, -2/45 HPs)
             Began as a Draconian Transmuter on Apr 22, 2022.
             Slain by Duvessa
             ... wielding a +0 short sword
              (5 damage)
             ... on level 4 of the Dungeon.
             The game lasted 00:02:22 (2507 turns).

MisterFreud the Changer (Draconian Transmuter)      Turns: 2507, Time: 00:02:23

Health: -2/45      AC:  2    Str: 13    XL:     5   Next: 37%
Magic:  5/8        EV: 19    Int: 15    God:
Gold:   139        SH:  0    Dex: 16    Spells: 2/8 levels left

rFire   . . .      SeeInvis .     - Unarmed
rCold   . . .      Faith    .   (shield currently unavailable)
rNeg    . . .      Spirit   .   (armour unavailable)
rPois   x          Reflect  .   (helmet currently unavailable)
rElec   .          Harm     .   (cloak currently unavailable)
rCorr   .          Rampage  .   (gloves currently unavailable)
Will    .....                   (boots currently unavailable)
Stlth   +.........              (no amulet)
HPRegen 0.15/turn               (no ring)
MPRegen 0.11/turn               (no ring)

@: spider-form
A: venomous fangs, AC +5, tiny, unfitting armour, (cold-blooded)
a: End Transformation


You were on level 4 of the Dungeon.
You were a venomous arachnid creature.
You visited 1 branch of the dungeon, and saw 4 of its levels.

You collected 139 gold pieces.

Inventory:

Missiles
 e - 4 curare-tipped darts
 h - 4 poisoned darts
Scrolls
 a - a scroll of fog {unknown}
 c - a scroll of noise {unknown}
 f - 2 scrolls of identify {unknown}
 k - a scroll of teleportation {unknown}
 l - a scroll of magic mapping {unknown}
Potions
 b - a potion of attraction {unknown}
 d - a potion of invisibility {unknown}
 g - a potion of cancellation {unknown}
 i - a potion of might {unknown}
 j - a potion of curing


   Skills:
 + Level 3.0 Fighting
 - Level 1.7 Dodging
 - Level 3.0 Unarmed Combat
 - Level 2.0 Spellcasting
 - Level 5.0 Transmutations


You had 2 spell levels left.
You knew the following spells:

 Your Spells              Type           Power      Damage    Failure   Level
a - Beastly Appendage     Tmut           32%        N/A       10%         1
b - Wereblood             Tmut           16%        N/A       13%         2
c - Spider Form           Tmut/Pois      9%         N/A       45%         3

Your spell library contained the following spells:

 Spells                   Type           Power      Damage    Failure   Level
 Apportation              Tloc           2%         N/A       43%         1
 Ice Form                 Ice/Tmut       9%         N/A       80%         4
 Alistair's Intoxication  Tmut/Pois      6%         N/A       98%         5


Dungeon Overview and Level Annotations

Branches:
Dungeon (4/15)
 Temple: D:4-7

Altars:
Kikubaaqudgha

Annotations:
D:4 Dowan, Duvessa


Innate Abilities, Weirdness & Mutations

You are a venomous arachnid creature.
You have poisonous fangs.
You are tiny and dextrous.
Your spellcasting is less reliable in this form.
Your armour is entirely melded.
You are incapable of wielding weapons or throwing items.
((Your plain brown scales are hard. (AC +5)))
You cannot fit into any form of body armour.
((You are cold-blooded and may be slowed by cold attacks.))


Message History

An adder is nearby!
You hit the adder.
You kill the adder!
Your Fighting skill increases to level 3!
Your transformation is almost over.
HP restored.
Your horns disappear.
Your talons disappear.
Duvessa and Dowan come into view.
Dowan is wielding a +1 vampiric dagger.
Duvessa shouts!
Dowan shouts!
Dowan casts a spell.
Dowan blinks!
Dowan says, "Stay away from my face!"
Duvessa hits you with a +0 short sword.
There are monsters nearby!
There are monsters nearby!
Casting: Beastly Appendage (safe; 2% risk of failure)
Confirm with . or Enter, or press ? or * to list all spells.
The spell is quite dangerous to miscast (24% risk of failure)!
Continue anyway?
You turn into a venomous arachnid creature.
Dowan casts a spell at Duvessa.
Duvessa seems to speed up.
Duvessa hits you with a +0 short sword!
You hit Duvessa but do no damage. Duvessa hits you with a +0 short sword.
You barely miss Duvessa. Duvessa hits you with a +0 short sword!
Dowan mumbles some strange words.
Dowan blinks!
Duvessa hits you with a +0 short sword.
* * * LOW HITPOINT WARNING * * *
You hit Duvessa.
Duvessa is poisoned.
Duvessa is lightly wounded.
Duvessa hits you with a +0 short sword!
* * * LOW HITPOINT WARNING * * *
Unknown command.
Unknown command.
Okay, then.
Unknown command.
It was a potion of curing.
You feel better. Duvessa hits you with a +0 short sword!
* * * LOW HITPOINT WARNING * * *
Dowan says, "Magic and the sword, together, will defeat you."
Duvessa hits you with a +0 short sword.
You die...

#># #.... #.# #.#..
#. ### #.# #..#. #.
... ##.#####...
#.##.# #.........#
#.##e# #..########
#.##ยง# .#
#..######## #.##e# .#
#.......... #.##s##.#
#.######### #.......#
#.#######.#
#..###..###.#........
#..# #.......(.......
##.###.####...#####.#
#.....# ###.# #.#
###.### #.# #.# #...#
#.# #.# #.### #.# #.#


You could see Duvessa (fast, very poisoned) and Dowan.

Vanquished Creatures
  An ogre (D:4)
  2 hound skeletons (D:4)
  A gnoll (D:4)
  An adder (D:4)
  A worm (D:3)
  A dart slug (D:3)
  5 endoplasms
  4 giant cockroaches
  7 goblins
  5 hobgoblins
  2 jackals (D:1)
  A quokka (D:3)
  6 ball pythons
  5 bats
  2 frilled lizards (D:1)
  3 kobolds
  5 rats
52 creatures vanquished.

Notes
Turn   | Place    | Note
-------+----------+-------------------------------------------
     0 | D:1      | MisterFreud the Draconian Transmuter began the quest for
                  | the Orb.
     0 | D:1      | Reached XP level 1. HP: 16/16 MP: 3/3
   269 | D:1      | Reached XP level 2. HP: 23/23 MP: 3/5
   381 | D:1      | Reached skill level 3 in Transmutations
   418 | D:1      | Learned a level 2 spell: Wereblood
   843 | D:2      | Found a faded altar of an unknown god.
   901 | D:2      | Found an ancient bone altar of Kikubaaqudgha.
   965 | D:2      | Reached XP level 3. HP: 25/28 MP: 4/6
  1765 | D:3      | Reached skill level 4 in Transmutations
  2145 | D:4      | Reached XP level 4. HP: 20/35 MP: 7/7
  2279 | D:4      | Learned a level 3 spell: Spider Form
  2292 | D:4      | Noticed an ogre
  2304 | D:4      | Killed an ogre
  2305 | D:4      | Reached skill level 5 in Transmutations
  2305 | D:4      | Reached XP level 5. HP: 42/42 MP: 2/8
  2501 | D:4      | Noticed Duvessa
  2501 | D:4      | Noticed Dowan
  2506 | D:4      | HP: 1/45 [Duvessa/+0 short sword (11)]
  2507 | D:4      | Slain by Duvessa

Illustrated notes

Levels and vault maps discovered:
D:1:      minmay_arrival_semitransparent, layout_basic, kennysheep_nondescript
D:2:      layout_loops_ring, chequers_ecumenical_altar_simple_redux,
          basic_altar, minmay_tromino_mix6
D:3:      layout_basic
D:4:      layout_loops_ring, saegor_snake_ambush, uniq_duvessa, uniq_grinder

Skill      XL: |  1  2  3  4  5 |
---------------+----------------+-----
Transmutations | 3 4 5 |  5.0
Fighting       | 2 3 |  3.0
Dodging        | |  1.7
Unarmed Combat | |  3.0
Spellcasting   | |  2.0

Action                   |  1- 3 |  4- 6 || total
-------------------------+-------+-------++-------
Melee: Unarmed           |   142 |    24 ||   166
       Kick              |    19 |     5 ||    24
       Headbutt          |    13 |     2 ||    15
       Tailslap          |    16 |     1 ||    17
       Punch             |     2 |       ||     2
 Cast: Beastly Appendage |    27 |     2 ||    29
       Spider Form       |       |     2 ||     2
  Use: Potion            |       |     1 ||     1
 Stab: Sleeping          |     1 |       ||     1
Armor: Skin              |    45 |     3 ||    48
Dodge: Dodged            |    77 |    14 ||    91
